 Dungeon Crawl Stone Soup version 0.30-a0-918-g0ff054e9dc (webtiles) character file.

Game seed: 856833518523999061

55 theswoord the Cudgeller (level 3, -3/23 HPs)
             Began as a Gargoyle Berserker on Mar 20, 2023.
             Was a Follower of Trog.
             Slain by an orc priest
             ... wielding a +0 mace
              (5 damage)
             ... on level 2 of the Dungeon.
             The game lasted 00:01:24 (1108 turns).

theswoord the Cudgeller (Gargoyle Berserker)        Turns: 1108, Time: 00:01:24

Health: -3/23      AC: 10    Str: 22    XL:     3   Next: 93%
Magic:  3/3        EV: 10    Int:  7    God:    Trog [*.....]
Gold:   74         SH:  0    Dex:  9    Spells: 2/2 levels left

rFire   . . .      SeeInvis .    a - +0 mace
rCold   . . .      Faith    .    (no shield)
rNeg    + . .      Spirit   .    e - +0 scale mail
rPois   ∞          Reflect  .    c - +0 hat
rElec   +          Rampage  .    (no cloak)
rCorr   .                        (no gloves)
Will    .....                    d - +0 pair of boots Stlth
                                 (no amulet)
HPRegen 0.23/turn                (no ring)
MPRegen 0.08/turn                (no ring)

@: mighty, on berserk cooldown, slowed, very slow
A: sickness immunity, AC +3, negative energy resistance 1, electricity
resistance, torment resistance 1, petrification resistance
a: Renounce Religion, Berserk


You were on level 2 of the Dungeon.
You worshipped Trog.
Trog was aware of your devotion.
You visited 1 branch of the dungeon, and saw 2 of its levels.

You collected 74 gold pieces.

Inventory:

Hand Weapons
 a - a +0 mace (weapon)
Armour
 b - a +0 animal skin
 c - a +0 hat (worn)
 d - a +0 pair of boots (worn)
 e - a +0 scale mail (worn)


   Skills:
 - Level 3.2 Fighting
 + Level 4.7 Maces & Flails
 - Level 2.1 Armour
 - Level 1.5 Dodging


You had 2 spell levels left.
You didn't know any spells.
Your spell library was empty.

Dungeon Overview and Level Annotations

Branches:
Dungeon (2/15)

Altars:


Innate Abilities, Weirdness & Mutations

You are immune to sickness and miasma.
Your stone body is resilient. (AC +3)
You are immune to poison.
You resist negative energy. (rN+)
You are resistant to electric shocks. (rElec)
You are resistant to unholy torment.
You are immune to petrification.


Message History

You are no longer berserk.
You are exhausted.
You feel yourself slow down.
You bump into the rock wall.
You feel less confused.
The orc wizard gestures wildly while chanting.
The orc wizard flickers and vanishes!
You hear some strange, mumbled words.
A magic dart appears from out of thin air!
The magic dart hits you but does no damage.
You sock something! Trog accepts your kill.
Trog appreciates your killing of a magic user.
Reactivating autopickup.
You feel a bit more experienced.
The endoplasm hits you but does no damage.
You hit the endoplasm. The endoplasm barely misses you.
You barely miss the endoplasm.
The endoplasm hits you but does no damage. x2
You sock the endoplasm!
You kill the endoplasm!
Trog accepts your kill.
The orc priest invokes the aid of Beogh against you.
Beogh smites you!
Ouch! That really hurt!
* * * LOW HITPOINT WARNING * * *
You hit the orc priest.
The orc priest hits you but does no damage.
The orc priest hits you with a +0 mace.
* * * LOW HITPOINT WARNING * * *
You barely miss the orc priest. The orc priest closely misses you.
You hit the orc priest. The orc priest barely misses you.
The orc priest hits you with a +0 mace.
* * * LOW HITPOINT WARNING * * *
It was a potion of might.
You feel very mighty all of a sudden. The orc priest barely misses you.
It was a potion of magic.
Magic courses through your body. The orc priest hits you with a +0 mace.
You die...

##################
.................#
################.#
## #.# .# #.# .#
#.# .# #.# .# #@#
.# #o# .#
######'## .#
......ggg########
.###
.................
....
...............##
.##.
...$.!.....)g..#
.#
............g..#
....
....[............


You could see an orc priest and 3 gnolls.

Vanquished Creatures
  An orc wizard (D:2)
  2 orcs (D:2)
  A bat (D:1)
  3 endoplasms
  A giant cockroach (D:2)
  4 goblins
  3 hobgoblins
  4 quokkas (D:1)
  A ball python (D:1)
  5 rats
25 creatures vanquished.

Notes
Turn   | Place    | Note
-------+----------+-------------------------------------------
     0 | D:1      | theswoord the Gargoyle Berserker began the quest for the
                  | Orb.
     0 | D:1      | Reached XP level 1. HP: 14/14 MP: 1/1
   223 | D:1      | Reached XP level 2. HP: 19/19 MP: 2/2
   939 | D:2      | Reached skill level 4 in Maces & Flails
   970 | D:2      | Reached XP level 3. HP: 23/23 MP: 3/3
  1108 | D:2      | Slain by an orc priest

Skill      XL: |  1  2 |
---------------+-------+-----
Maces & Flails | 4 |  4.7
Fighting       | |  3.2
Armour         | |  2.1
Dodging        | |  1.5

Action                     || total
---------------------------++-------
  Melee: Mace              ||    75
 Invoke: Berserk           ||     1
    Use: Scroll            ||     3
         Potion            ||     2
 Armour: Animal skin       ||     5
         Scale mail        ||    34
  Dodge: Dodged            ||    47

Levels and vault maps discovered:
D:1:      dpeg_arrival_shelter, layout_loops_corners, minivault_24
D:2:      layout_basic, kennysheep_generic_room_10
